 Dungeon Crawl Stone Soup version 0.26-a0-540-g8a0c9464d7 (webtiles) character file.

Game seed: 10851581795909579945

205 Ge0ff the Chiller (level 6, 0/43 HPs)
             Began as a Human Enchanter on Aug 15, 2020.
             Slain by an orc
             ... wielding a +0 club
              (3 damage)
             ... on level 3 of the Dungeon.
             The game lasted 00:07:48 (3363 turns).

Ge0ff the Chiller (Human Enchanter)                 Turns: 3363, Time: 00:07:49

Health: 0/43       AC:  3    Str:  8    XL:     6   Next: 10%
Magic:  8/8        EV: 12    Int: 17    God:
Gold:   80         SH:  0    Dex: 14    Spells: 4/10 levels left

rFire    . . .     SeeInvis .   a - +3 dagger
rCold    . . .     Faith    .   (no shield)
rNeg     . . .     Spirit   .   f - +0 robe
rPois    .         Reflect  .   (helmet restricted)
rElec    .         Harm     .   (no cloak)
rCorr    .                      (no gloves)
MR       .....                  S - +0 pair of boots
Stlth    +++.......             c - amulet of regeneration
HPRegen  0.54/turn              (no ring)
MPRegen  0.11/turn              (no ring)

@: flying
A: antennae 1, camouflage 1, low mp 1, screaming 1
a: no special abilities


You were on level 3 of the Dungeon.
You visited 1 branch of the dungeon, and saw 4 of its levels.

You collected 80 gold pieces.

Inventory:

Hand Weapons
 a - a +3 dagger (weapon)
 b - a +0 dagger of venom
 l - a +0 hunting sling {don't train}
 U - a +0 rapier
 W - a +0 short sword
Missiles
 e - 91 stones (quivered) {don't train}
 X - 20 sling bullets {don't train}
Armour
 f - a +0 robe (worn)
 S - a +0 pair of boots (worn)
Jewellery
 c - an amulet of regeneration (around neck)
Wands
 d - a wand of digging (6)
 k - a wand of iceblast (8)
Scrolls
 y - 2 scrolls of immolation
 E - a scroll of fear
 F - a scroll of fog
 T - 4 scrolls of teleportation
 Z - a scroll of remove curse {unknown}
Potions
 V - a potion of brilliance {unknown}
 Y - a potion of lignification {unknown}


   Skills:
 - Level 1.0 Fighting
 + Level 3.4 Short Blades
 - Level 2.0 Dodging
 - Level 3.0 Stealth
 + Level 2.5 Spellcasting
 - Level 3.0 Hexes
 * Level 3.4 Ice Magic


You had 4 spell levels left.
You knew the following spells:

 Your Spells              Type           Power        Failure   Level
a - Corona                Hex            ##.....      5%          1
k - Ensorcelled Hibernat  Hex/Ice        ##....       8%          2
t - Confusing Touch       Hex            ##......     16%         3

Your spell library contained the following spells:

 Spells                   Type           Power        Failure   Level
 Tukima's Dance           Hex            ##......     16%         3
 Dazzling Flash           Conj/Hex       #.....       30%         3


Dungeon Overview and Level Annotations

Branches:
Dungeon (4/15)
 Temple: D:4-7

Altars:
Nemelex Xobeh
Okawaru
Uskayaw


Innate Abilities, Weirdness & Mutations

You have a pair of small antennae on your head.
Your skin changes colour to match your surroundings (Stealth+).
Your magical capacity is low. (-10% MP)
You occasionally shout uncontrollably at your foes.


Message History

You bump into the rock wall.
The orc wizard barely misses you. The worm closely misses you.
The orc hits you with a +0 club.
You bump into the rock wall.
The orc wizard gestures at you while chanting.
The magic dart hits you. The worm misses you.
It was a potion of flight.
You feel very buoyant.
You fly up into the air.
The orc hits you with a +0 club.
* * * LOW HITPOINT WARNING * * *
The orc wizard hits you with a +0 dagger.
* * * LOW HITPOINT WARNING * * *
It was a potion of mutation.
You feel extremely strange.
You feel less energetic.
You feel the urge to shout.
Your skin functions as natural camouflage.
A pair of antennae grows on your head!
You feel less confused.
The orc wizard hits you with a +0 dagger.
* * * LOW HITPOINT WARNING * * *
The orc hits you with a +0 club.
You die...

#........# #####.###
#........## #.......#
#....#.#..# ###.......#
..##.#.##.######.........#
.........................#
####.#.##.###..#...<.....#
##...#.##.....##.#.......#
#..###..####..##o#########
.........#.....o@#
...###......>..w##
...##......####..#
..........### ##.####
....###.....# #..#.#
....#####.#.#####.#.####
......#.......# #......##
....#.#.......#####.##..#
....^..........####.###.#


You could see a worm, an orc wizard and an orc.

Vanquished Creatures
  Ijyb (D:3)
  3 orc wizards
  An adder (D:3)
  An ooze (D:3)
  A worm (D:3)
  4 dart slugs
  A leopard gecko (D:1)
  12 orcs
  3 ball pythons (D:1)
  6 bats
  5 giant cockroaches
  8 goblins
  4 hobgoblins
  2 frilled lizards
  7 kobolds
  5 rats
64 creatures vanquished.

Notes
Turn   | Place    | Note
-------+----------+-------------------------------------------
     0 | D:1      | Ge0ff the Human Enchanter began the quest for the Orb.
     0 | D:1      | Reached XP level 1. HP: 13/13 MP: 3/3
   122 | D:1      | Reached XP level 2. HP: 20/20 MP: 5/5
   126 | D:1      | Learned a level 2 spell: Ensorcelled Hibernation
   466 | D:1      | Reached skill level 1 in Fighting
   466 | D:1      | Reached XP level 3. HP: 26/26 MP: 6/6
   472 | D:1      | Learned a level 3 spell: Confusing Touch
   513 | D:1      | Reached skill level 1 in Ice Magic
  1068 | D:2      | Found an iron altar of Okawaru.
  1323 | D:2      | Reached XP level 4. HP: 32/32 MP: 7/7
  1474 | D:2      | Found a hide-covered altar of Uskayaw.
  1474 | D:2      | Found a sparkling altar of Nemelex Xobeh.
  2320 | D:2      | Reached XP level 5. HP: 23/37 MP: 1/8
  2696 | D:3      | Noticed Ijyb
  3278 | D:3      | Killed Ijyb
  3278 | D:3      | Reached XP level 6. HP: 43/43 MP: 4/9
  3363 | D:3      | Gained mutation: Your magical capacity is low. (-10% MP)
                  | [potion of mutation]
  3363 | D:3      | Gained mutation: You occasionally shout uncontrollably at
                  | your foes. [potion of mutation]
  3363 | D:3      | Gained mutation: Your skin changes colour to match your
                  | surroundings (Stealth+). [potion of mutation]
  3363 | D:3      | Gained mutation: You have a pair of small antennae on your
                  | head. [potion of mutation]
  3363 | D:3      | Slain by an orc

Illustrated notes

Levels and vault maps discovered:
D:1:      dpeg_arrival_stone_temple_mockup, layout_loops_cross,
          patterned_corridor
D:2:      layout_basic, gammafunk_temple_overflow_wave,
          okawaru_metal_pillars_1_2
D:3:      layout_rooms, kennysheep_generic_room_8, uniq_ijyb
D:4:      layout_cave_pods, minmay_misc_feat_iff, minmay_circle_x

Skill      XL: |  1  2  3  4  5 |
---------------+----------------+-----
Short Blades   | 2 3 |  3.4
Fighting       | 1 |  1.0
Ice Magic      | 1 2 3 |  3.4
Dodging        | |  2.0
Stealth        | |  3.0
Spellcasting   | |  2.5
Hexes          | |  3.0

Action                   |  1- 3 |  4- 6 || total
-------------------------+-------+-------++-------
Melee: Dagger            |    89 |    95 ||   184
       War axe           |       |     3 ||     3
Throw: Stone             |    64 |    31 ||    95
 Cast: Ensorcelled Hiber |       |    22 ||    22
  Use: Scroll            |     3 |     1 ||     4
       Potion            |       |     2 ||     2
 Stab: Sleeping          |     6 |    12 ||    18
Armor: Robe              |    19 |    16 ||    35
Dodge: Dodged            |    44 |    45 ||    89

Table legend: (Time is in decaauts)
 A = Elapsed time spent in this place.
 B = Non-inter-level travel time spent in this place.
 C = Inter-level travel time spent in this place.
 D = Time resting spent in this place.
 E = Time spent auto-exploring this place.
 F = Levels seen in this place.
 G = Mean time per level.
                   A        B        C        D        E       F      G
               +--------+--------+--------+--------+--------+-----+--------+
         Total |   3352 |   3084 |    268 |     11 |   2374 |   4 |  838.0 |
       Dungeon |   3352 |   3084 |    268 |     11 |   2374 |   4 |  838.0 |
               +--------+--------+--------+--------+--------+-----+--------+

Top non-repeatable levels by time:
     D:2: 1208 daAuts
     D:3: 1109 daAuts
     D:1: 1030 daAuts
     D:4: 5 daAuts
